cohdb
Replays
Latest Replays
All Replays
Popular Replays
Top Player Replays
Match Explorer
How It Works
Community
CoH3 Stats
Reddit
Sign in to upload your games and track your stats! →
Sign in with Steam
Match 42387171
Unlisted
Match 42387171
Overview
Messages
Build Orders
End
Construct Barracks
Selects Heavy Weapons
Scout Squad
Riflemen Squad
1⁄4-ton 4x4 Truck
Riflemen Squad
Grenade Package
Selects M2HB .50cal Heavy Machine Gun
Construct Weapon Support Center
M1919 Machine Gun Team
Construct Medical Station
Bazooka Squad
M1919 Machine Gun Team
Infantry Support Center
Bazooka Squad
Construct Motor Pool
Bazooka Squad
Selects Rapid Reposition
Selects Bolstered Team Weapons
M1 Anti-tank Gun Team
M1919 Machine Gun Team
M1 Anti-tank Gun Team
Bazooka Squad
Selects Assault Carriers
Selects Halftrack Strongpoints
M1919 Machine Gun Team
سَۨفُـيٰانۨوٰس
mohamedkerdaoui
cheunel
Shimodragon
0
0
Comments
sign in to comment!
No comments posted yet!